 Dungeon Crawl Stone Soup version 0.31-a0-851-g7ff8af7976 (webtiles) character file.

Game seed: 16490462760619816011

337 BinkBink the Sneak (level 6, -2/32 HPs)
             Began as a Spriggan Hunter on Oct 5, 2023.
             Was an Initiate of Gozag.
             Killed by divine providence
             ... invoked by an orc priest
              (8 damage)
             ... on level 4 of the Dungeon.
             The game lasted 00:06:33 (3474 turns).

BinkBink the Sneak (Spriggan Hunter)                Turns: 3474, Time: 00:06:33

Health: -2/32      AC:  2    Str:  7    XL:     6   Next: 28%
Magic:  10/10      EV: 18    Int: 11    God:    Gozag
Gold:   494        SH:  0    Dex: 20    Spells: 10/10 levels left

rFire   . . .        a - +0 shortbow
rCold   . . .        (shield currently unavailable)
rNeg    . . .        c - +0 robe
rPois   .            (helmet restricted)
rElec   .            (no cloak)
rCorr   .            (gloves unavailable)
SInv    +            (boots unavailable)
Will    +....        (no amulet)
Stlth   ++++         (no ring)
HPRegen 0.25/turn    (no ring)
MPRegen 0.12/turn

%: no passive effects
@: gold aura, very quick
A: very small, no large weapons, unfitting armour, see invisible, speed 3
a: Renounce Religion, Potion Petition, Call Merchant, Bribe Branch


You were on level 4 of the Dungeon.
You worshipped Gozag.
Gozag was aware of your devotion.
You visited 2 branches of the dungeon, and saw 5 of its levels.

You collected 539 gold pieces.
You paid 45 gold pieces to Gozag.

Inventory:

Hand Weapons
 a - a +0 shortbow (weapon)
 q - the +5 whip of Paonn {vamp, rPois Dex+3}
   (You found it on level 2 of the Dungeon)

   Dex+3:     It affects your dexterity (+3).
   rPois:     It protects you from poison
Armour
 c - a +0 robe (worn)
Jewellery
 j - a ring of fire
 t - a ring of fire
 u - a ring of resist corrosion
Talismans
 n - a storm talisman
Wands
 k - a wand of flame (12)
Scrolls
 b - a scroll of butterflies
 d - 6 scrolls of identify {unknown}
 e - 2 scrolls of teleportation {unknown}
 f - a scroll of torment {unknown}
 g - 2 scrolls of fear {unknown}
 h - a scroll of brand weapon {unknown}
 l - a scroll of vulnerability {unknown}
 m - 2 scrolls of immolation {unknown}
 r - a scroll of revelation {unknown}
Potions
 i - a potion of attraction {unknown}
 o - 3 potions of mutation {unknown}
 p - 2 potions of lignification {unknown}
 s - a potion of berserk rage {unknown}
 v - 2 potions of curing {unknown}


   Skills:
 + Level 2.5 Fighting
 * Level 5.5 Ranged Weapons
 - Level 2.6 Dodging
 * Level 6.1 Stealth
 + Level 2.6 Spellcasting


You had 10 spell levels left.
You didn't know any spells.
Your spell library was empty.

Dungeon Overview and Level Annotations

Branches:
Dungeon (4/15)             Temple (1/1) D:4

Altars:
Ashenzari
Cheibriados
Dithmenos
Elyvilon
Fedhas
Gozag
Hepliaklqana
Kikubaaqudgha
Makhleb
Nemelex Xobeh
Okawaru
Qazlal
Trog
Uskayaw
Vehumet
Wu Jian
Xom
Yredelemnul
Zin
The Shining One

Shops:
D:1 !!(:!

Annotations:
D:3 1 runed translucent door, EnjSadman's ghost, amateur MiFi


Innate Abilities, Weirdness & Mutations

You are very small and have problems with some larger weapons.
You are too small for most types of armour.
You have supernaturally acute eyesight. (SInv)
You cover ground extremely quickly. (Speed+++)


Message History

You shoot an arrow.
The arrow hits the giant cockroach but does no damage.
You shoot an arrow. The arrow hits the giant cockroach!
You kill the giant cockroach!
No target in view!
No target in view!
No target in view!
You now have 494 gold pieces (gained 3).
There are monsters nearby!
You shoot an arrow. The endoplasm quivers.
The arrow hits the orc priest.
The orc priest is lightly wounded.
The orc priest looks encouraged for a moment.
You shoot an arrow. The arrow hits the endoplasm.
You kill the endoplasm!
You shoot an arrow. The arrow hits the orc priest.
The orc priest is moderately wounded.
The orc priest calls down the wrath of Beogh upon you.
Beogh smites you!
You shoot an arrow.
The arrow closely misses the orc priest.
You shoot an arrow. The arrow hits the orc priest.
The orc priest is heavily wounded.
The orc priest begins to cast a cantrip, but forgets the words!
You shoot an arrow. The arrow hits the orc priest.
The orc priest is almost dead.
The orc priest calls down the wrath of Beogh upon you.
You resist with significant effort.
The orc priest looks braver for a moment.
You shoot an arrow. The arrow hits the orc priest.
The orc priest is almost dead.
The orc priest invokes the aid of Beogh against you.
Beogh smites you!
* * * LOW HITPOINT WARNING * * *
You are too injured to fight recklessly!
The orc priest calls down the wrath of Beogh upon you.
Beogh smites you!
You die...
Your body crumbles into a pile of gold.

..........####.#..#..............
..#............#..#........#.....
..#......o.....#..#......###.....
...............# ##.............
...............# .'........#....
.....##...##...##.##........#....
#######...........##........#....
#....$......#####........#....
#............@.##........#....
####.......#......##........###..
...........#................#####
...........#..........###........
.....#######...(......###..o.o...
.....##############..............
.....'..#...........##...###...##
.....##.#.####.....###.#.# #.#.##
.....##.#.# #.....###...# #...##


You could see an orc priest.

Vanquished Creatures
  A phantom (D:4)
  An iguana (D:4)
  Terence (D:3)
  Robin (D:2)
  A gnoll (D:1)
  6 adders
  3 worms
  2 dart slugs (D:2)
  21 orcs
  A bat zombie (D:2)
  5 endoplasms
  2 giant cockroaches (D:4)
  14 goblins
  13 hobgoblins
  6 kobolds
  3 quokkas
  8 ball pythons
  A ball python skeleton (D:2)
  A ball python zombie (D:2)
  4 bats
  A frilled lizard (D:2)
  6 rats
102 creatures vanquished.

Notes
Turn   | Place    | Note
-------+----------+-------------------------------------------
     0 | D:1      | BinkBink the Spriggan Hunter began the quest for the Orb.
     0 | D:1      | Reached XP level 1. HP: 10/10 MP: 2/2
    47 | D:1      | Found Dythaw's Book Emporium.
    97 | D:1      | Reached skill level 2 in Stealth
    97 | D:1      | Reached XP level 2. HP: 15/15 MP: 2/4
   161 | D:1      | Found Turapha's Antique Weapon Shop.
   183 | D:1      | Found Pekkuhy's Distillery.
   299 | D:1      | Found Navim's Distillery.
   385 | D:1      | Found Tilis's Distillery.
   788 | D:2      | Noticed Robin
   790 | D:2      | Reached skill level 1 in Spellcasting
   919 | D:2      | Reached skill level 3 in Stealth
   919 | D:2      | Reached XP level 3. HP: 18/18 MP: 5/5
   998 | D:2      | Killed Robin
  1145 | D:2      | Reached XP level 4. HP: 23/23 MP: 7/7
  1169 | D:2      | You fall into a shaft and drop 2 floors!
  1216 | D:4      | Reached skill level 4 in Stealth
  1228 | D:4      | Found a staircase to the Ecumenical Temple.
  1237 | Temple   | Entered the Ecumenical Temple
  1259 | Temple   | Became a worshipper of Gozag Ym Sagoz the Greedy
  1737 | D:3      | Found an iron altar of Okawaru.
  1907 | D:3      | Found a runed translucent door.
  1909 | D:3      | Noticed EnjSadman's ghost (amateur MiFi)
  1965 | D:3      | Found a glowing silver altar of Zin.
  2077 | D:3      | Noticed Terence
  2113 | D:3      | Killed Terence
  2114 | D:3      | Reached skill level 5 in Ranged Weapons
  2114 | D:3      | Reached XP level 5. HP: 26/26 MP: 8/8
  2176 | D:3      | Found a faded altar of an unknown god.
  2438 | D:2      | Identified the +5 whip of Paonn {vamp, rPois Dex+3}
  2476 | D:2      | Reached skill level 5 in Stealth
  2902 | D:4      | Noticed a phantom
  3235 | D:4      | Killed a phantom
  3236 | D:4      | Reached skill level 6 in Stealth
  3236 | D:4      | Reached XP level 6. HP: 19/32 MP: 10/10
  3300 | D:4      | Found a white marble altar of Elyvilon.
  3303 | D:4      | Found a basalt altar of Yredelemnul.
  3307 | D:4      | Found a hazy altar of Hepliaklqana.
  3474 | D:4      | Killed from afar by an orc priest

Illustrated notes

Levels and vault maps discovered:
D:1:      dpeg_arrival_round_b, layout_basic, serial_shops, shop, shop, shop,
          shop, nicolae_shop_industrial_runoff, minmay_nonomino_d4
D:2:      layout_basic, serial_undead, serial_undead_b, serial_undead_d,
          serial_undead_c, serial_undead_f, uniq_robin
D:3:      layout_loops_cross, lemuel_coloured_pillars_altar,
          hellmonk_okawaru_the_only_friend_you_need, ebering_ghost_sewer_d,
          chequers_ecumenical_altar_simple_redux, minmay_strange_pillars,
          uniq_terence
D:4:      layout_basic, grunt_temple_overflow_diamond, temple_fountains,
          minmay_starry_boxes
Temple:   regret_index_temple_generic_petals

Skill      XL: |  1  2  3  4  5 |
---------------+----------------+-----
Stealth        | 2 3 4 6 |  6.1
Spellcasting   | 1 2 |  2.6
Fighting       | 2 |  2.5
Ranged Weapons | 5 |  5.5
Dodging        | |  2.6

Action                     |  1- 3 |  4- 6 || total
---------------------------+-------+-------++-------
   Fire: Shortbow          |    88 |   254 ||   342
 Armour: Robe              |     9 |    26 ||    35
  Dodge: Dodged            |    38 |    65 ||   103

Table legend: (Time is in decaauts)
 A = Elapsed time spent in this place.
 B = Non-inter-level travel time spent in this place.
 C = Inter-level travel time spent in this place.
 D = Time resting spent in this place.
 E = Time spent auto-exploring this place.
 F = Levels seen in this place.
 G = Mean time per level.
                   A        B        C        D        E       F      G
               +--------+--------+--------+--------+--------+-----+--------+
         Total |   2446 |   2256 |    190 |     12 |   1563 |   5 |  489.2 |
       Dungeon |   2418 |   2254 |    164 |     12 |   1563 |   4 |  604.5 |
        Temple |     28 |      2 |     26 |      0 |      0 |   1 |   28.0 |
               +--------+--------+--------+--------+--------+-----+--------+

Top non-repeatable levels by time:
     D:4: 718 daAuts
     D:3: 633 daAuts
     D:1: 581 daAuts
     D:2: 485 daAuts
  Temple: 28 daAuts
